 Dungeon Crawl Stone Soup version 0.30-a0-715-gdb4ae3ece1 (webtiles) character file.

Game seed: 2678294106467105197

45 gelatine the Firebug (level 3, -2/25 HPs)
             Began as a Demonspawn Fire Elementalist on Jan 24, 2023.
             Slain by a gnoll
             ... wielding a +0 spear
              (6 damage)
             ... on level 2 of the Dungeon.
             The game lasted 00:03:16 (1606 turns).

gelatine the Firebug (Demonspawn Fire Elementalist) Turns: 1606, Time: 00:03:17

Health: -2/25      AC:  2    Str:  8    XL:     3   Next: 42%
Magic:  0/6        EV: 12    Int: 18    God:
Gold:   124        SH:  0    Dex: 13    Spells: 4/7 levels left

rFire   . . .      SeeInvis +    e - +0 short sword
rCold   . . .      Faith    .    (no shield)
rNeg    . . .      Spirit   .    a - +0 robe
rPois   .          Reflect  .    (helmet restricted)
rElec   .          Harm     .    (no cloak)
rCorr   .          Rampage  .    (no gloves)
Will    .....                    (no boots)
Stlth   ++                       (no amulet)
HPRegen 0.24/turn                i - ring of see invisible
MPRegen 0.10/turn                (no ring)

@: no status effects
A: antennae 1
a: no special abilities


You were on level 2 of the Dungeon.
You visited 1 branch of the dungeon, and saw 2 of its levels.

You collected 124 gold pieces.

Inventory:

Hand Weapons
 e - a +0 short sword (weapon)
Armour
 a - a +0 robe (worn)
Jewellery
 i - a ring of see invisible (left hand)
Scrolls
 c - a scroll of amnesia {unknown}
 d - a scroll of poison {unknown}
 g - a scroll of identify {unknown}
Potions
 b - 2 potions of magic
 f - a potion of mutation {unknown}
 h - a potion of curing


   Skills:
 * Level 0.6 Fighting
 + Level 0.4 Short Blades
 * Level 2.1 Dodging
 + Level 1.8 Stealth
 + Level 2.5 Spellcasting
 * Level 1.1 Conjurations
 * Level 3.1 Fire Magic


You had 4 spell levels left.
You knew the following spells:

 Your Spells              Type           Power      Damage    Failure   Level
a - Foxfire               Conj/Fire      40%        2x1d6     7%          1
b - Scorch                Fire           26%        2d6       7%          2

Your spell library contained the following spells:

 Spells                   Type           Power      Damage    Failure   Level
 Ensorcelled Hibernation  Hex/Ice        4%         N/A       26%         2
 Inner Flame              Hex/Fire       8%         N/A       26%         3
 Kindle Blastsparks       Fire/Tloc/Air  12%        2d11      32%         3
 Spider Form              Tmut/Pois      2%         N/A       45%         3
 Flame Wave               Conj/Fire      10%        2d6       56%         4
 Anguish                  Hex/Necr       1%         N/A       86%         4


Dungeon Overview and Level Annotations

Branches:
Dungeon (2/15)

Altars:


Innate Abilities, Weirdness & Mutations

You have a pair of small antennae on your head.


Message History

Casting: Scorch (safe; 7% risk of failure)
Confirm with . or Enter, or press ? or * to list all spells.
You conjure some foxfire!
The adder barely misses you.
The gnoll hits you from afar with a +0 spear.
The adder bites you but does no damage. The adder attacks as you move away!
The adder bites you but does no damage.
The foxfire hits the adder.
The adder is lightly wounded.
The foxfire hits the adder.
The adder is heavily wounded.
You hit the adder.
The adder is severely wounded.
The adder bites you.
You miss the adder.
The adder is severely wounded.
The gnoll hits you from afar with a +0 spear.
* * * LOW HITPOINT WARNING * * *
The adder bites you but does no damage. The adder attacks as you move away!
The adder misses you. The adder barely misses you.
Found a lumpy puce potion.
The adder bites you.
* * * LOW HITPOINT WARNING * * *
You are lethally poisoned!
The adder poisons you!
It was a potion of curing.
You feel better.
The gnoll hits you from afar with a +0 spear.
The adder barely misses you. The gnoll hits you with a +0 spear!
* * * LOW HITPOINT WARNING * * *
The adder barely misses you.
Casting: Foxfire (safe; 7% risk of failure)
Confirm with . or Enter, or press ? or * to list all spells.
You don't have enough magic to cast this spell.
You barely miss the gnoll. The adder misses you. The gnoll barely misses you.
Casting: Foxfire (safe; 7% risk of failure)
Confirm with . or Enter, or press ? or * to list all spells.
You conjure some foxfire!
The adder closely misses you. The gnoll hits you with a +0 spear.
You die...

...#. .. ##.#.## #.
####.....### .. #
#..........# g##
#.###.##.....#.# ...
#.#...##....##.###! #.#
#................g. #)#
##.....##.†vS##g# ##†#
##......###..@g..# ##.#.#
##...[...#####v#(.####.###.#
#.........###.......>.## #..
#.......###.###..####.# ###
##......##.## ##.# #.#
##.......)# #.# #.#
##.#.#.###.## ##.# .#
##.###..# ##.###.## # ###.##
##.#####...##


You could see 2 gnolls and an adder (ally target).

Vanquished Creatures
  A gnoll (D:2)
  2 worms (D:2)
  3 ball pythons
  2 bats (D:1)
  2 endoplasms (D:1)
  A giant cockroach (D:2)
  2 goblins
  6 hobgoblins
  3 jackals (D:2)
  2 kobolds
  2 rats (D:2)
26 creatures vanquished.

Vanquished Creatures (others)
  71 foxfires
71 creatures vanquished.

Grand Total: 97 creatures vanquished

Notes
Turn   | Place    | Note
-------+----------+-------------------------------------------
     0 | D:1      | gelatine the Demonspawn Fire Elementalist began the quest
                  | for the Orb.
     0 | D:1      | Reached XP level 1. HP: 13/13 MP: 3/3
   333 | D:1      | Gained mutation: You have a pair of small antennae on your
                  | head. [demonic ancestry]
   333 | D:1      | Reached XP level 2. HP: 19/19 MP: 3/5
  1104 | D:2      | Learned a level 2 spell: Scorch
  1143 | D:2      | Reached skill level 3 in Fire Magic
  1220 | D:2      | Found a faded altar of an unknown god.
  1221 | D:2      | Noticed a golden eye
  1223 | D:2      | Noticed an eye of devastation
  1224 | D:2      | Noticed a floating eye
  1224 | D:2      | Noticed a great orb of eyes
  1493 | D:2      | Reached XP level 3. HP: 24/25 MP: 3/6
  1606 | D:2      | Slain by a gnoll

Illustrated notes

Levels and vault maps discovered:
D:1:      erik_arrival_triangle_small, layout_basic
D:2:      layout_loops_ring, hellmonk_ecumenical_altar_watching_god,
          grunt_ministairs_15

Skill      XL: |  1  2 |
---------------+-------+-----
Dodging        | 2 |  2.1
Fire Magic     | 3 |  3.1
Fighting       | |  0.6
Short Blades   | |  0.4
Stealth        | |  1.8
Spellcasting   | |  2.5
Conjurations   | |  1.1

Action                     || total
---------------------------++-------
  Melee: Short sword       ||    55
         Punch             ||     1
   Cast: Foxfire           ||    47
         Scorch            ||     3
    Use: Potion            ||     1
   Stab: Sleeping          ||     1
 Armour: Robe              ||     7
  Dodge: Dodged            ||    49

Table legend: (Time is in decaauts)
 A = Elapsed time spent in this place.
 B = Non-inter-level travel time spent in this place.
 C = Inter-level travel time spent in this place.
 D = Time resting spent in this place.
 E = Time spent auto-exploring this place.
 F = Levels seen in this place.
 G = Mean time per level.
                   A        B        C        D        E       F      G
               +--------+--------+--------+--------+--------+-----+--------+
         Total |   1604 |   1590 |     14 |      0 |   1345 |   2 |  802.0 |
       Dungeon |   1604 |   1590 |     14 |      0 |   1345 |   2 |  802.0 |
               +--------+--------+--------+--------+--------+-----+--------+

Top non-repeatable levels by time:
     D:1: 1094 daAuts
     D:2: 509 daAuts
